 Dungeon Crawl Stone Soup version 0.26.1-11-gd32895ea62 (webtiles) character file.

Game seed: 7623734480215206749

44 nothank2 the Vexing (level 3, 0/16 HPs)
             Began as a Spriggan Enchanter on July 10, 2021.
             Succumbed to a kobold's poison
             ... on level 1 of the Dungeon.
             The game lasted 00:04:36 (1797 turns).

nothank2 the Vexing (Spriggan Enchanter)            Turns: 1797, Time: 00:04:37

Health: 0/16       AC:  2    Str:  4    XL:     3   Next: 41%
Magic:  3/8        EV: 18    Int: 16    God:
Gold:   28         SH:  0    Dex: 17    Spells: 4/7 levels left

rFire    . . .     SeeInvis +   a - +1 dagger
rCold    . . .     Faith    .   (shield restricted)
rNeg     . . .     Spirit   .   b - +0 robe
rPois    .         Reflect  .   (helmet restricted)
rElec    .         Harm     .   (no cloak)
rCorr    .         Rampage  .   (gloves unavailable)
Will     .....                  (boots unavailable)
Stlth    +++.......             (no amulet)
HPRegen  0.05/turn              (no ring)
MPRegen  0.11/turn              (no ring)

@: lethally poisoned (0 -> -6), very quick
A: very small, unfitting armour, see invisible, speed 3
a: no special abilities


You were on level 1 of the Dungeon.
You visited 1 branch of the dungeon, and saw 1 of its levels.

You collected 28 gold pieces.

Inventory:

Hand Weapons
 a - a +1 dagger (weapon)
Armour
 b - a +0 robe (worn)
Scrolls
 c - a scroll of remove curse {unknown}
 e - 3 scrolls of identify {unknown}
 g - a scroll of magic mapping {unknown}
Potions
 d - 2 potions of lignification {unknown}
 f - a potion of berserk rage {unknown}


   Skills:
 - Level 1.1 Short Blades
 - Level 3.0 Dodging
 - Level 4.4 Stealth
 - Level 2.6 Spellcasting
 + Level 5.1 Hexes
 + Level 1.0 Ice Magic


You had 4 spell levels left.
You knew the following spells:

 Your Spells              Type           Power        Failure   Level
a - Corona                Hex            20%          2%          1
b - Ensorcelled Hibernat  Hex/Ice        24%          9%          2

Your spell library contained the following spells:

 Spells                   Type           Power        Failure   Level
 Confusing Touch          Hex            18%          7%          3
 Tukima's Dance           Hex            18%          7%          3
 Dazzling Flash           Conj/Hex       20%          21%         3


Dungeon Overview and Level Annotations

Branches:
Dungeon (1/15)

Altars:


Innate Abilities, Weirdness & Mutations

You are very small and have problems with some larger weapons.
You are too small for most types of armour.
You have supernaturally acute eyesight. (SInv)
You cover ground extremely quickly.


Message History

The giant cockroach bites you.
The helpless goblin fails to defend itself.
You impale the goblin!!
You kill the goblin!
You feel sick. The kobold misses you. The giant cockroach barely misses you.
A goblin comes into view. It is wielding a +3 dagger.
Your Ice Magic skill increases to level 1!
You feel sick.
You feel sick.
* * * LOW HITPOINT WARNING * * *
You feel sick.
The kobold throws a poisoned dart.
The poisoned dart barely misses you.
* * * LOW HITPOINT WARNING * * *
You feel sick.
Your magical contamination has completely faded away.
* * * LOW HITPOINT WARNING * * *
You feel sick.
* * * LOW HITPOINT WARNING * * *
You feel sick.
You die...

#†##..#####........###
######.##>.................
#..........................
#.####.###.#...........####
#.#..#.# #.#.###.......#
#.##.#÷# #.#.####......####
#....#.###.#...........##..
#####...............#####.#
#.....@...........# #..
#.....#######.....# #.#
#.....# #.....# #.# #.....#
#.....# #.# #.....# #...†.#
#.# #.....## #.....###.#
####...# #.....'.'.# #...#
#.....###.# #.B.# #.....#
#.#


There were no monsters in sight!

Vanquished Creatures
  An ooze (D:1)
  3 dart slugs (D:1)
  4 leopard geckos (D:1)
  2 bats (D:1)
  4 goblins (D:1)
  7 jackals (D:1)
  2 kobolds (D:1)
  2 frilled lizards (D:1)
  3 rats (D:1)
28 creatures vanquished.

Notes
Turn   | Place    | Note
-------+----------+-------------------------------------------
     0 | D:1      | nothank2 the Spriggan Enchanter began the quest for the
                  | Orb.
     0 | D:1      | Reached XP level 1. HP: 9/9 MP: 5/5
    60 | D:1      | Reached skill level 4 in Hexes
   250 | D:1      | Reached XP level 2. HP: 3/13 MP: 4/6
   717 | D:1      | Learned a level 2 spell: Ensorcelled Hibernation
  1213 | D:1      | Reached XP level 3. HP: 16/16 MP: 8/8
  1253 | D:1      | Reached skill level 5 in Hexes
  1777 | D:1      | Reached skill level 1 in Ice Magic
  1797 | D:1      | Succumbed to a kobold's poison

Illustrated notes

Levels and vault maps discovered:
D:1:      matt_arrival_los_fun, layout_basic

Skill      XL: |  1  2  3 |
---------------+----------+-----
Hexes          | 4 5 |  5.1
Ice Magic      | 1 |  1.0
Short Blades   | |  1.1
Dodging        | |  3.0
Stealth        | |  4.4
Spellcasting   | |  2.6

Action                   || total
-------------------------++-------
Melee: Dagger            ||   123
 Cast: Corona            ||    15
       Ensorcelled Hiber ||     8
 Stab: Sleeping          ||     9
Armor: Robe              ||    15
Dodge: Dodged            ||   118
